Unix NetHack Version 5.0.0-0 post-release - last build May  3 2026 23:40:34 (9823c992c0763bbd039eca2974112f46eaf799b3,branch:main).

Game began 2026-05-04 04:22:29, ended 2026-05-04 06:35:39.

31245981910, lawful female human Samurai

                                          -------
                                    ----  |..|..|                     --
                              ------|..----.....|                     .|
      --------               --..|.--...|....----                ----.!-
      |..--..|              --..............--      -------      |....
      |......--             |..............--     ---.....|      -...
      ---.....---           |........|.....|     --..%....------  ..-
      ---.......|           --......---....--   --.q|..........---..--
      |.........|           --......--|.....|  -#..@---...----.......-
      |.-----)---     -------........||.....-- |..### --###  ---......-
   ---|.| ---.|     ---.|.--.........|--.....--|.--           |........-
   |..|)|--...|     -.........|...---- |......||.|            |..........
   |....|...---    ..|........|----    --....---.|            ----...-----
   --...|...|     |.-|....|..--        --....--..--              |..--
  ---...|--.----  -- |-.------        --..........|              -.--
  |.....| |....-------....-------------<..........#--             --
  |.....| ---....--........................(..|...^.|
  --.|.)|   --..........----.>.-------.....---|.....|
   ------    --......----  --..|    -.....--  --.|.--
              |..|.---      ----   |..|.---    -----
              ------               ------
31245981910 the Ronin  St:12 Dx:13 Co:18 In:13 Wi:10 Ch:10  Lawful
Dlvl:5  $:80 HP:0(59) Pw:17(17) AC:4  Xp:5 T:2458  Burdened

Latest messages:
 You kill the kobold lord!
 You have a little trouble lifting G - a violet gem.
 You see here a cursed dwarvish short sword.
 You kill the grid bug!
 You see here a candle.
 You hear crashing rock.
 You hit the rothe!
 The rothe hits!
 The rothe misses!
 The rothe misses!
 You miss the rothe.
 The rothe hits!
 The rothe bites!
 The rothe misses!
 The rothe hits!
 The rothe bites!
 The rothe bites again!
 You miss the rothe.
 The rothe hits!
 The rothe misses!
 The rothe misses!
 You hit the rothe.
 The rothe hits!
 The rothe bites!
 The rothe bites again!
 You kill the rothe!
 You see here a rothe corpse.
 You hit the rothe.
 The rothe hits!
 The rothe bites!
 The rothe bites again!
 You miss the rothe.
 The rothe misses!
 The rothe bites!
 The rothe misses!
 You miss the rothe.
 The rothe hits!
 The rothe bites!
 The rothe bites again!
 You hit the rothe.
 You hit the rothe!
 The rothe hits!
 The rothe bites!
 The rothe bites again!
 You die...
 Do you want your possessions identified? [ynq] (y) y
 Do you want to see your attributes? [ynq] (y) y
 Do you want an account of creatures vanquished? [ynaq] (y) y
 Do you want to see your conduct and achievements? [ynq] (y) y
 Do you want to see the dungeon overview? [ynq] (y) y

Inventory:
 Coins    ('$')
  $ - 80 gold pieces
 Weapons  (')')
  z - a cursed -1 arrow
  E - 10 cursed -2 crossbow bolts
  d - 42 +0 ya (in quiver)
  F - a cursed +0 crossbow
  c - a blessed +0 yumi
  g - a cursed -4 orcish dagger
  u - a +0 aklys
  a - a +0 katana (weapon in right hand)
  o - a +0 scimitar
  i - a cursed -1 silver mace
  b - a +0 wakizashi (alternate weapon; not wielded)
 Armor    ('[')
  e - an uncursed rustproof +0 splint mail (being worn)
 Comestibles  ('%')
  w - an uncursed clove of garlic
  x - 2 uncursed gunyoki
  j - 2 uncursed lembas wafers
  B - an uncursed egg
 Scrolls  ('?')
  D - an uncursed scroll of identify
 Potions  ('!')
  h - an uncursed potion of gain energy
  l - a blessed potion of healing
 Wands    ('/')
  v - a wand of speed monster (0:7)
 Tools    ('(')
  k - a fire horn (0:5)
 Gems/Stones  ('*')
  s - an uncursed aquamarine stone
  y - an uncursed worthless piece of blue glass
  G - an uncursed worthless piece of violet glass

31245981910 the Samurai's attributes:

Background:
 You were a Ronin, a level 5 female human Samurai.
 You were lawful, nominally on a mission for Amaterasu Omikami
 who was opposed by Raijin (neutral) and Susanowo (chaotic).
 You were right-handed.
 You were in the Gnomish Mines, on level 5.
 You entered the dungeon 2458 turns ago.
 There was a full moon in effect when your adventure ended.
 You had 251 experience points, 69 more were needed to attain level 6.

Basics:
 You had 0 out of 59 hit points.
 You had all 17 energy points (spell power).
 Your armor class was 4.
 Your wallet contained 80 zorkmids.
 Autopickup was off.

Final Characteristics:
 Your strength was 12 (limit:18/100).
 Your dexterity was 13 (limit:18).
 Your constitution was 18 (limit:18).
 Your intelligence was 13 (limit:18).
 Your wisdom was 10 (limit:18).
 Your charisma was 10 (limit:18).

Final Status:
 You weren't hungry.
 You were burdened; movement was slightly slowed.
 You were wielding a long sword.
 You had basic skill with long sword and could have enhanced that.

Final Attributes:
 You were piously aligned.
 You aggravated monsters.
 You were warded.
 You were fast.
 You were lucky.
 You are dead.

Miscellaneous:
 You didn't encounter any bones levels.
 Total elapsed playing time was 2 hours, 3 minutes and 51 seconds.

Major events:
 Turn
    1: 31245981910 the lawful female human Samurai entered the dungeon
 1055: attained the rank of Ronin (level 3)
 1214: entered the Gnomish Mines
 2458: killed by a rothe

You didn't know any spells.

Skills:
 Fighting Skills
   martial arts      [Basic]
   two weapon combat [Unskilled]
   riding            [Unskilled]
 Weapon Skills
   dagger            [Unskilled]
   knife             [Unskilled]
   short sword       [Basic]
   broadsword        [Unskilled]
   long sword        [Basic]
   two-handed sword  [Unskilled]
   saber             [Unskilled]
   flail             [Unskilled]
   quarterstaff      [Unskilled]
   polearms          [Unskilled]
   spear             [Unskilled]
   lance             [Unskilled]
   bow               [Basic]
   shuriken          [Unskilled]
 Spellcasting Skills
   attack spells     [Unskilled]
   divination spells [Unskilled]
   clerical spells   [Unskilled]

Voluntary challenges:
 Character rerolling was not enabled.
 You were an atheist.
 You never genocided any monsters.
 You never polymorphed an object.
 You never changed form.
 You used no wishes.
Achievements:
 You entered a shop.
 You attained the rank of Ronin.
 You entered the Gnomish Mines.

 The Dungeons of Doom: levels 1 to 6
    Level 1:
       A fountain, a grave.
    Level 2:
    Level 3:
       A general store.
    Level 4:
       An altar, a sink.
       Stairs down to The Gnomish Mines.
    Level 5:
    Level 6:
       Many fountains.
 The Gnomish Mines:
    Level 5: <- You were here.
       Final resting place for
          you, killed by a rothe.


Vanquished creatures:
  a fog cloud
  3 gnome leaders
  2 straw golems
  a giant ant
  a little dog
  a kobold leader
  a rothe
  2 dwarf zombies
  2 iguanas
  2 acid blobs
  a gas spore
  2 hobgoblins
  2 giant rats
  a green mold
  6 gnomes
  a gnome zombie
  2 geckos
  3 jackals
  a kobold
  3 goblins
  2 sewer rats
  8 grid bugs
  3 lichens
  a kobold zombie
  3 newts
55 creatures vanquished.

No species were genocided or became extinct.

Game over:
                       ----------
                      /          \
                     /    REST    \
                    /      IN      \
                   /     PEACE      \
                  /                  \
                  |   31245981910    |
                  |      80 Au       |
                  |   killed by a    |
                  |      rothe       |
                  |                  |
                  |                  |
                  |       2026       |
                 *|     *  *  *      | *
        _________)/\\_//(\/(/\)/\//\/|_)_______

Sayonara 31245981910 the Samurai...

You died in The Gnomish Mines on dungeon level 5 with 1346 points,
and 80 pieces of gold, after 2458 moves.
You were level 5 with a maximum of 59 hit points when you died.

